 Dungeon Crawl Stone Soup version 0.20-a0-958-g783e32d (webtiles) character file.

646 M4edhros the Chopper (level 7, -4/61 HPs)
             Began as a Minotaur Berserker on Apr 6, 2017.
             Was a Priest of Trog.
             Shot with an arrow by a centaur (5 damage)
             ... on level 6 of the Dungeon.
             The game lasted 00:04:25 (1051 turns).

M4edhros the Chopper (Minotaur Berserker)           Turns: 1051, Time: 00:04:26

Health: -4/61      AC: 12    Str: 22    XL:     7   Next: 27%
Magic:  6/6        EV:  8    Int:  4    God:    Trog [***...]
Gold:   78         SH:  0    Dex: 13    Spells: 6/6 levels left

rFire    . . .     SeeInvis .   a - +0 hand axe
rCold    . . .     Gourm    .   (no shield)
rNeg     + . .     Faith    .   e - +0 plate armour
rPois    .         Spirit   .   (helmet restricted)
rElec    .         Reflect  .   (no cloak)
rCorr    .         Harm     .   (no gloves)
MR       .....                  (no boots)
Stlth    ..........             (no amulet)
Regen    0.2/turn               f - ring of positive energy
MPRegen  0.1/turn               o - +2 ring of dexterity

@: no status effects
A: retaliatory headbutt, horns 2
a: Berserk, Trog's Hand, Burn Spellbooks, Renounce Religion


You were on level 6 of the Dungeon.
You worshipped Trog.
Trog was most pleased with you.
You were not hungry.

You visited 1 branch of the dungeon, and saw 6 of its levels.
You also visited: Ossuary.

You collected 78 gold pieces.

Inventory:

Hand Weapons
 a - a +0 hand axe (weapon)
Missiles
 g - 7 steel javelins (quivered)
 q - 3 tomahawks
 s - 4 poisoned tomahawks
Armour
 b - a +0 animal skin
 e - a +0 plate armour (worn)
Jewellery
 f - a ring of positive energy (left hand)
 o - a +2 ring of dexterity (right hand)
Scrolls
 d - 8 scrolls of identify {unknown}
 m - 3 scrolls of teleportation {unknown}
 p - a scroll of blinking {unknown}
Potions
 h - a potion of heal wounds {unknown}
 j - a potion of invisibility {unknown}
 k - 2 potions of berserk rage {unknown}
 l - 3 potions of haste {unknown}
 n - a potion of ambrosia {unknown}
Comestibles
 c - 3 bread rations
 i - a meat ration
 r - 4 chunks of flesh
 t - a fruit


   Skills:
 + Level 5.6 Fighting
 * Level 6.8 Axes
 + Level 5.1 Armour
 + Level 4.2 Dodging


You had 6 spell levels left.
You didn't know any spells.

Dungeon Overview and Level Annotations

Branches:
Dungeon (6/15)
 Temple: D:4-7

Altars:
Hepliaklqana
Makhleb
Trog


Innate Abilities, Weirdness & Mutations

You reflexively headbutt those who attack you in melee.
You have a pair of horns on your head.


Message History

The centaur shouts!
The centaur wields a shortbow.
The centaur shoots an arrow.
The arrow hits you.
* * * LOW HITPOINT WARNING * * *
The centaur shoots an arrow.
The arrow hits you but does no damage.
The centaur shoots an arrow.
The arrow hits you!
* * * LOW HITPOINT WARNING * * *
The centaur shoots an arrow.
The arrow hits you.
* * * LOW HITPOINT WARNING * * *
You hear an angry hiss.
Found 12 poisoned needles.
There is a stone staircase leading up here.
You see here 3 arrows.
Okay, then.
You aren't carrying any items that you can evoke.
Okay, then.
You feel less exhausted.
The centaur shoots an arrow.
The arrow hits you.
* * * LOW HITPOINT WARNING * * *
The centaur shoots an arrow.
The arrow hits you.
You die...

#.# #..# ..# # #.#
#..# ...# ..##
#.###..##...# ....#
#.#..........
.....##.#.#........
^...^^#.#.c........
..........SS......#
....^c.@##.SS......
^..(..^.##<###....#
..^.........(# ###
.^^....###......
....... .........
......# ###.#.#..
.^...# .#.... ^....
.# #.. .# ..


You could see 2 centaurs and 2 adders.

Vanquished Creatures
  A sky beast (D:5)
  A water moccasin skeleton (D:5)
  A crimson imp (D:5)
  A centaur zombie (Ossuary)
  2 orc wizards
  3 worker ants
  A centaur skeleton (D:5)
  2 iguanas (D:4)
  A big kobold zombie (Ossuary)
  2 mummies (Ossuary)
  3 gnolls (D:4)
  8 adders
  2 adder zombies (Ossuary)
  An adder skeleton (D:4)
  A worm (D:4)
  A leopard gecko (D:2)
  14 orcs
  2 bats (D:3)
  2 giant cockroaches
  3 hobgoblins
  A quokka (D:4)
  6 frilled lizards
  2 goblin zombies (Ossuary)
  5 hobgoblin zombies (Ossuary)
  A jackal zombie (Ossuary)
  5 kobolds
  13 kobold zombies (Ossuary)
  8 orc zombies (Ossuary)
  2 rats (D:3)
  3 rat zombies (Ossuary)
98 creatures vanquished.

Notes
Turn   | Place    | Note
-------+----------+-------------------------------------------
     0 | D:1      | M4edhros the Minotaur Berserker began the quest for the Orb.
     0 | D:1      | Reached XP level 1. HP: 19/19 MP: 0/0
   161 | D:2      | Reached XP level 2. HP: 19/27 MP: 1/1
   199 | D:2      | Reached skill level 4 in Axes
   304 | D:4      | Reached XP level 3. HP: 22/33 MP: 2/2
   363 | D:4      | Reached XP level 4. HP: 24/40 MP: 3/3
   389 | D:4      | Found a sand-covered staircase.
   394 | Ossuary  | Entered an ossuary
   409 | Ossuary  | Reached ** piety under Trog
   465 | Ossuary  | Reached XP level 5. HP: 47/47 MP: 4/4
   478 | Ossuary  | Reached skill level 5 in Axes
   666 | D:4      | Reached *** piety under Trog
   669 | D:4      | Reached XP level 6. HP: 30/55 MP: 5/5
   744 | D:4      | Reached skill level 5 in Fighting
   766 | D:5      | Entered Level 5 of the Dungeon
   857 | D:5      | Reached skill level 6 in Axes
   904 | D:5      | Found a bloodstained altar of Trog.
   904 | D:5      | Found a hazy altar of Hepliaklqana.
   991 | D:5      | Reached XP level 7. HP: 17/61 MP: 6/6
   996 | D:5      | Found a burning altar of Makhleb.
  1011 | D:5      | Reached skill level 5 in Armour
  1051 | D:6      | HP: 1/61 [centaur/arrow (5)]
  1051 | D:6      | Shot with an arrow by a centaur

Vault maps used:
D:1:      dpeg_arrival_rooms_a
D:2:      serial_forest, infiniplex_forest_straight_1,
          infiniplex_forest_clump_long, infiniplex_forest_lined_1,
          infiniplex_forest_straight_5
D:4:      kennysheep_big_flooded_room, temple_statues, enter_ossuary_2,
          first_bread
D:5:      kennysheep_mini_moat, gammafunk_temple_overflow_wave
D:6:      yredelemnul_forgotten_temple_becter, nicolae_overflow_hidden_temple,
          minmay_holes, minmay_strange_pillars, kennysheep_nondescript
Ossuary:  ossuary_tomb_1

Skill      XL: |  1  2  3  4  5  6  7 |
---------------+----------------------+-----
Axes           | 4 5 6 |  6.8
Fighting       | 4 5 |  5.6
Armour         | 3 4 5 |  5.1
Dodging        | 3 4 |  4.2

Action                   |  1- 3 |  4- 6 |  7- 9 || total
-------------------------+-------+-------+-------++-------
Melee: Hand axe          |    48 |   159 |     9 ||   216
       Headbutt          |     9 |    29 |     3 ||    41
Invok: Berserk           |     1 |     5 |     1 ||     7
       Trog's Hand       |       |     1 |       ||     1
  Eat: Chunk             |       |     6 |     1 ||     7
Armor: Animal skin       |     6 |       |       ||     6
       Plate armour      |    31 |   117 |     9 ||   157
Dodge: Dodged            |    27 |    63 |     3 ||    93
